 Dungeon Crawl Stone Soup version 0.23.2-40-g277498a001 (webtiles) character file.

Game seed: 16067072083041010027

79847 Emblim88 the Nimble (level 15, 0/118 HPs)
             Began as a Gnoll Gladiator on Aug 18, 2019.
             Was a High Priest of Elyvilon.
             Slain by Jorgrun
             ... wielding an uncursed staff of earth
              (3 damage)
             ... while petrified by Jorgrun
             ... on level 1 of the Orcish Mines.
             The game lasted 01:28:40 (35155 turns).

Emblim88 the Nimble (Gnoll Gladiator)              Turns: 35155, Time: 01:28:41

Health: 0/118      AC: 13    Str: 18    XL:     15   Next: 65%
Magic:  0/29       EV:  2    Int: 11    God:    Elyvilon [*****.]
Gold:   1303       SH:  0    Dex: 23    Spells: 27/34 levels left

rFire    + + +     SeeInvis .   f - +8 long sword "Padut" {speed, *Drain rF++ Dex+2}
rCold    . . .     Gourm    .   w - +3 buckler
rNeg     + + +     Faith    .   D - +0 ring mail {rF+}
rPois    ∞         Spirit   +   c - +1 helmet
rElec    .         Reflect  .   A - scarf {Spirit}
rCorr    .         Harm     .   I - +0 pair of gloves
MR       +....                  (no boots)
Stlth    ++++......             (no amulet)
HPRegen  0.29/turn              k - +2 ring of evasion
MPRegen  0.21/turn              N - +3 ring of protection

@: petrified, heavily drained
A: distributed training, fangs 1, strong nose
a: Lesser Healing, Heal Other, Purification, Greater Healing, Divine Vigour,
Divine Protection, Renounce Religion


You were on level 1 of the Orcish Mines.
You worshipped Elyvilon.
Elyvilon was extremely pleased with you.
You were not hungry.

You visited 3 branches of the dungeon, and saw 22 of its levels.

You collected 1536 gold pieces.
You spent 233 gold pieces at shops.

Inventory:

Hand Weapons
 f - the +8 long sword "Padut" (weapon) {speed, *Drain rF++ Dex+2}
   (You found it on level 15 of the Dungeon)

   Attacks with this weapon are significantly faster.
   It affects your dexterity (+2).
   It greatly protects you from fire.
   It causes draining when unequipped.
 y - the +5 hunting sling "Mikiusm" {speed, rElec MR+ Str-3 Int+4}
   (You found it on level 4 of the Dungeon)

   Attacks with this weapon are significantly faster.
   It affects your strength (-3).
   It affects your intelligence (+4).
   It insulates you from electricity.
   It affects your resistance to hostile enchantments.
 W - the +5 flail "Xodax" {speed, Dex+3}
   (You found it on level 10 of the Dungeon)

   Attacks with this weapon are significantly faster.
   It affects your dexterity (+3).
Missiles
 z - 141 stones (quivered)
 Z - 9 sling bullets
Armour
 c - a +1 helmet (worn)
 w - a +3 buckler (worn)
 A - a scarf of spirit shield (worn)
 D - a +0 ring mail of fire resistance (worn)
 I - a +0 pair of gloves (worn)
Jewellery
 b - an uncursed ring of flight
 k - a +2 ring of evasion (left hand)
 N - a +3 ring of protection (right hand)
 S - an uncursed ring of see invisible
 U - the ring of Hard Scrabble {rPois Str+3 Dex+2}
   (You found it on level 9 of the Dungeon)

   [ring of poison resistance]

   It affects your strength (+3).
   It affects your dexterity (+2).
   It protects you from poison.
Wands
 d - a wand of flame (41)
 m - a wand of iceblast (25)
 q - a wand of disintegration (31)
 s - a wand of polymorph (21)
 L - a wand of paralysis (9)
 M - a wand of acid (30)
 R - a wand of enslavement (43)
Scrolls
 a - a scroll of holy word
 e - 5 scrolls of blinking
 h - 3 scrolls of teleportation
 i - 12 scrolls of remove curse
 o - 2 scrolls of fog
 r - 8 scrolls of enchant weapon
 u - 4 scrolls of amnesia
 B - 5 scrolls of magic mapping
 F - 2 scrolls of enchant armour
 K - a scroll of summoning
 P - a scroll of fear
Potions
 j - 2 potions of berserk rage
 l - 3 potions of flight
 n - 2 potions of ambrosia
 p - 7 potions of curing
 C - 3 potions of might
 E - 3 potions of resistance
 G - a potion of invisibility
 H - a potion of magic
 J - a potion of brilliance
 O - 3 potions of cancellation
 T - 3 potions of agility
 V - 5 potions of haste
Miscellaneous
 t - a crystal ball of energy
 v - a phial of floods
 Q - a lightning rod (4/4)
 X - a crystal ball of energy
Comestibles
 x - 2 rations


   Skills:
 + Level 11.0(9.0) Fighting
 + Level 10.0(8.1) Short Blades
 + Level 11.8(9.7) Long Blades
 + Level 10.0(8.1) Axes
 + Level 10.0(8.1) Maces & Flails
 + Level 10.0(8.1) Polearms
 + Level 10.0(8.1) Staves
 + Level 10.0(8.1) Slings
 + Level 10.0(8.1) Bows
 + Level 10.0(8.1) Crossbows
 + Level 11.0(9.0) Throwing
 + Level 10.0(8.1) Armour
 + Level 11.8(9.7) Dodging
 + Level 10.0(8.1) Stealth
 + Level 10.0(8.1) Shields
 + Level 10.0(8.1) Unarmed Combat
 + Level 10.0(8.1) Spellcasting
 + Level 8.4(6.6) Conjurations
 + Level 8.4(6.6) Hexes
 + Level 8.4(6.6) Charms
 + Level 8.4(6.6) Summonings
 + Level 8.4(6.6) Necromancy
 + Level 8.4(6.6) Translocations
 + Level 8.4(6.6) Transmutations
 + Level 8.4(6.6) Fire Magic
 + Level 8.4(6.6) Ice Magic
 + Level 8.4(6.6) Air Magic
 + Level 8.4(6.6) Earth Magic
 + Level 8.4(6.6) Poison Magic
 + Level 10.9(8.9) Invocations
 + Level 10.0(8.1) Evocations


You had 27 spell levels left.
You knew the following spells:

 Your Spells              Type           Power        Failure   Level  Hunger
a - Swiftness             Chrm/Air       ###.....     2%          2    #......
b - Song of Slaying       Chrm           ###.....     2%          2    #......
c - Confuse               Hex            ###.....     4%          3    ###....

Your spell library contained the following spells:

 Spells                   Type           Power        Failure   Level  Hunger
 Animate Skeleton         Necr           N/A          1%          1    None
 Apportation              Tloc           ###...       1%          1    None
 Beastly Appendage        Tmut           ###...       1%          1    None
 Confusing Touch          Hex            ###...       1%          1    None
 Infusion                 Chrm           ###.         1%          1    None
 Pain                     Necr           ###.         1%          1    None
 Summon Small Mammal      Summ           ###.         1%          1    None
 Shroud of Golubria       Chrm/Tloc      ###.......   2%          2    #......
 Sticks to Snakes         Tmut           ###.....     2%          2    #......
 Gell's Gravitas          Tloc           ###.......   4%          3    ###....
 Portal Projectile        Hex/Tloc       ###...       4%          3    ###....
 Regeneration             Chrm/Necr      ###.......   4%          3    ###....
 Spectral Weapon          Hex/Chrm       ###.....     4%          3    ###....
 Spider Form              Tmut/Pois      ###.......   4%          3    ###....
 Vampiric Draining        Necr           ###.......   4%          3    ###....
 Animate Dead             Necr           N/A          17%         4    ####...
 Force Lance              Conj/Tloc      ###.....     17%         4    ####...
 Ice Form                 Ice/Tmut       ###.....     17%         4    ####...
 Petrify                  Tmut/Erth      ###.....     17%         4    ####...
 Blade Hands              Tmut           ###.......   43%         5    ######.
 Metabolic Englaciation   Hex/Ice        ###.......   43%         5    ######.
 Yara's Violent Unravell  Hex/Tmut       ###.......   43%         5    ######.
 Dispersal                Tloc           ###.......   95%         6    #######
 Controlled Blink         Tloc           N/A          100%        8    #######
 Disjunction              Tloc           ###.......   100%        8    #######


Dungeon Overview and Level Annotations

Branches:
Dungeon (15/15)            Temple (0/1) D:4            Lair (6/6) D:8
  Swamp (0/4) Lair:2       Spider (0/4) Lair:4        Slime (0/5) Lair:5
    Orc (1/2) D:9          Vaults (0/5) D:14         Depths (0/5) D:15

Altars:
Ashenzari
Elyvilon
Gozag
Kikubaaqudgha
Nemelex Xobeh
Okawaru
Qazlal
Ru
Trog
Uskayaw
Wu Jian
Zin
The Shining One

Shops:
D:4 %   D:5 %!((*   D:11 :

Portals:
Trove: D:12 (give 9 potions of agility)

Annotations:
D:3 1 runed translucent door, Houdini's ghost, amateur HuWr
D:14 2 transporters, jedigorilla's ghost, journeyman GnFi
Lair:1 1 runed translucent door, FishyPogo's ghost, journeyman HOBe
Orc:1 Jorgrun


Innate Abilities, Weirdness & Mutations

Your experience applies equally to all skills.
You have very sharp teeth.
Your uncanny sense of smell can sniff out nearby items.


Message History

Unknown command.
Your limbs are stiffening.
There is a staircase back to the Dungeon, spattered with blood here.
Jorgrun hits you with an uncursed staff of earth.
Jorgrun crushes you! Jorgrun hits you but does no damage.
You have turned to stone.
Jorgrun casts a spell at you. The iron shot hits you!!!
* * * LOW HITPOINT WARNING * * *
Jorgrun hits you with an uncursed staff of earth!
* * * LOW HITPOINT WARNING * * *
Jorgrun hits you but does no damage. Jorgrun barely misses you.
Jorgrun hits you with an uncursed staff of earth!
* * * LOW HITPOINT WARNING * * *
Jorgrun crushes you!
* * * LOW HITPOINT WARNING * * *
Jorgrun says, "A few more walls knocked out 'ere an' thar an' 'tis whole place will come crashin' down."
Jorgrun hits you with an uncursed staff of earth!
You die...

.....# .....#.##
#.>......##
(..........###
.............## #
..(...........# #.#
#..(..#.#.....#....
....(.....g.......#
.....(.....@......#
......(..........##
..$....$..#....###
.......$.......#
....$.....#.#.##
.........#.....#
........###.....#
.......## ##.#.##
...#..# ....#


You could see Jorgrun.

Vanquished Creatures
  A fire giant (D:15)
  A very ugly thing (D:14)
  Nessos (D:12)
  2 fire dragons (D:15)
  A yaktaur captain (D:15)
  Erolcha (D:10)
  13 hydras
  4 two-headed ogres
  A death knight (D:15)
  3 centaur warriors
  2 dancing weapons (D:14)
  A tengu warrior (D:12)
  Nergalle (Lair:2)
  2 unseen horrors
  3 skeletal warriors
  A golden dragon zombie (D:15)
  2 orc knights (D:15)
  A necromancer (D:15)
  Pikel (D:7)
  A phantasmal warrior (D:15)
  2 oklob plants (Lair:4)
  26 ugly things
  2 deep elf magi
  3 cyclopes
  2 manticores (D:15)
  4 elephants
  Joseph (D:10)
  6 black mambas
  3 gargoyles
  9 spiny frogs
  An efreet (D:13)
  3 freezing wraiths (D:14)
  3 centaur skeletons
  4 rime drakes
  5 komodo dragons
  A troll (D:13)
  2 polar bears
  18 blink frogs
  4 slime creatures
  5 dream sheep
  A tyrant leech (Lair:2)
  A meliai zombie (D:15)
  An ice dragon zombie (D:15)
  6 hippogriffs
  An ettin skeleton (D:15)
  A spriggan (D:8)
  2 wraiths
  2 wyverns
  A shadow (D:15)
  40 yaks
  2 basilisks
  4 hungry ghosts
  5 vampire mosquitoes
  An acid dragon (D:13)
  11 water moccasins
  A tengu zombie (D:15)
  2 swamp worms (Lair:2)
  A warg (Orc:1)
  Duvessa (D:5)
  9 porcupines
  5 sky beasts
  A slave (D:7)
  7 orc warriors
  4 phantoms
  A necrophage (D:12)
  3 wolves (Lair:5)
  2 ice beasts
  An eye of draining (D:14)
  11 ogres
  A boggart (shapeshifter) (D:15)
  5 centaurs
  15 crocodiles
  A big kobold (D:4)
  24 bullfrogs
  Dowan (D:5)
  2 scorpions
  8 wights
  3 howler monkeys
  An electric eel (Lair:6)
  9 crimson imps
  2 centaur zombies
  4 bullfrog zombies
  A quasit (D:6)
  6 hounds
  2 jellies
  6 orc priests
  Crazy Yiuf (D:7)
  2 iguanas
  9 worker ants
  9 orc wizards
  11 gnolls
  15 adders
  A howler monkey skeleton (D:8)
  3 shadow imps
  2 oozes (D:2)
  An adder zombie (D:4)
  An adder skeleton (D:4)
  4 worms
  A dart slug (D:4)
  7 leopard geckos
  43 orcs
  A ball python (D:5)
  3 giant cockroaches
  5 hobgoblins
  10 jackals
  5 quokkas
  5 bats
  4 frilled lizards
  5 goblins
  12 kobolds
  A quokka zombie (D:7)
  3 rats
  A plant (Lair:4)
531 creatures vanquished.

Vanquished Creatures (others)
  A bush (Lair:2)
  2 fungi
  2 plants (Lair:6)
  A withered plant (D:15)
6 creatures vanquished.

Grand Total: 537 creatures vanquished

Notes
Turn   | Place    | Note
-------+----------+-------------------------------------------
     0 | D:1      | Emblim88 the Gnoll Gladiator began the quest for the Orb.
     0 | D:1      | Reached XP level 1. HP: 20/20 MP: 1/1
   142 | D:1      | Found a shattered altar of Ashenzari.
   251 | D:1      | Reached XP level 2. HP: 26/26 MP: 2/2
   833 | D:2      | Reached XP level 3. HP: 27/31 MP: 3/3
  1027 | D:2      | Reached skill level 1 in Invocations
  1477 | D:2      | Reached skill level 1 in Short Blades
  1477 | D:2      | Reached skill level 1 in Axes
  1477 | D:2      | Reached skill level 1 in Maces & Flails
  1477 | D:2      | Reached skill level 1 in Polearms
  1477 | D:2      | Reached skill level 1 in Staves
  1477 | D:2      | Reached skill level 1 in Slings
  1477 | D:2      | Reached skill level 1 in Bows
  1477 | D:2      | Reached skill level 1 in Crossbows
  1477 | D:2      | Reached skill level 1 in Armour
  1477 | D:2      | Reached skill level 1 in Stealth
  1477 | D:2      | Reached skill level 1 in Shields
  1477 | D:2      | Reached skill level 1 in Unarmed Combat
  1477 | D:2      | Reached skill level 1 in Spellcasting
  1477 | D:2      | Reached skill level 1 in Evocations
  1477 | D:2      | Reached XP level 4. HP: 24/38 MP: 5/5
  1752 | D:2      | Found an ancient bone altar of Kikubaaqudgha.
  2122 | D:2      | Found a hide-covered altar of Uskayaw.
  2498 | D:3      | Found a runed translucent door.
  2517 | D:3      | Reached skill level 1 in Conjurations
  2517 | D:3      | Reached skill level 1 in Hexes
  2517 | D:3      | Reached skill level 1 in Charms
  2517 | D:3      | Reached skill level 1 in Summonings
  2517 | D:3      | Reached skill level 1 in Necromancy
  2517 | D:3      | Reached skill level 1 in Translocations
  2517 | D:3      | Reached skill level 1 in Transmutations
  2517 | D:3      | Reached skill level 1 in Fire Magic
  2517 | D:3      | Reached skill level 1 in Ice Magic
  2517 | D:3      | Reached skill level 1 in Air Magic
  2517 | D:3      | Reached skill level 1 in Earth Magic
  2517 | D:3      | Reached skill level 1 in Poison Magic
  2551 | D:3      | Noticed Houdini's ghost (amateur HuWr)
  2657 | D:3      | Reached XP level 5. HP: 25/43 MP: 6/6
  2859 | D:3      | Found a white marble altar of Elyvilon.
  2889 | D:3      | Became a worshipper of Elyvilon the Healer
  3296 | D:3      | Found a sacrificial altar of Ru.
  3400 | D:4      | Noticed an ogre
  3421 | D:4      | Found a staircase to the Ecumenical Temple.
  3436 | D:4      | Got a steaming hunting sling
  3437 | D:4      | Identified the +5 hunting sling "Mikiusm" {speed, rElec MR+
                  | Str-3 Int+4} (You found it on level 4 of the Dungeon)
  3554 | D:4      | Reached * piety under Elyvilon
  3644 | D:4      | Killed an ogre
  3644 | D:4      | Reached XP level 6. HP: 50/50 MP: 8/8
  3652 | D:4      | Found Cytuw's Food Shop.
  3689 | D:4      | Bought a ration for 65 gold pieces
  3714 | D:4      | Reached skill level 5 in Fighting
  3714 | D:4      | Reached skill level 5 in Throwing
  4418 | D:5      | Entered Level 5 of the Dungeon
  4486 | D:5      | Reached XP level 7. HP: 56/56 MP: 10/10
  4543 | D:5      | Found Waoces's Distillery.
  4582 | D:5      | Bought a potion of curing for 36 gold pieces
  4582 | D:5      | Bought a potion of curing for 36 gold pieces
  4582 | D:5      | Bought a potion of curing for 36 gold pieces
  4582 | D:5      | Bought a potion of heal wounds for 60 gold pieces
  4582 | D:5      | Found a stormy altar of Qazlal.
  4658 | D:5      | Reached ** piety under Elyvilon
  4765 | D:5      | Found Kipsallu's Weapon Emporium.
  4922 | D:5      | Found Vyill's Assorted Antiques.
  5015 | D:5      | Found Kates's Weapon Shoppe.
  5148 | D:5      | Noticed Duvessa
  5150 | D:5      | Noticed Dowan
  5178 | D:5      | Killed Duvessa
  5178 | D:5      | Reached XP level 8. HP: 41/63 MP: 6/12
  5186 | D:5      | Killed Dowan
  5349 | D:5      | Found Qiymukiq's Food Shop.
  5577 | D:6      | Reached *** piety under Elyvilon
  6131 | D:6      | Found a glowing golden altar of the Shining One.
  6576 | D:7      | Noticed a wyvern
  6593 | D:7      | Killed a wyvern
  6593 | D:7      | Reached XP level 9. HP: 69/69 MP: 14/14
  6631 | D:7      | Reached **** piety under Elyvilon
  6952 | D:7      | Found an ornate altar of the Wu Jian Council.
  7189 | D:7      | Noticed Pikel
  7213 | D:7      | Killed Pikel
  7477 | D:7      | Found a runed translucent door.
  7478 | D:7      | Noticed Crazy Yiuf
  7558 | D:7      | Killed Crazy Yiuf
  7838 | D:7      | Reached skill level 5 in Invocations
  8285 | D:8      | Found a sparkling altar of Nemelex Xobeh.
  8314 | D:8      | Reached XP level 10. HP: 77/77 MP: 17/17
  8335 | D:8      | Noticed a two-headed ogre
  8352 | D:8      | Killed a two-headed ogre
  8352 | D:8      | Reached skill level 5 in Short Blades
  8352 | D:8      | Reached skill level 5 in Axes
  8352 | D:8      | Reached skill level 5 in Maces & Flails
  8352 | D:8      | Reached skill level 5 in Polearms
  8352 | D:8      | Reached skill level 5 in Staves
  8352 | D:8      | Reached skill level 5 in Slings
  8352 | D:8      | Reached skill level 5 in Bows
  8352 | D:8      | Reached skill level 5 in Crossbows
  8352 | D:8      | Reached skill level 5 in Armour
  8352 | D:8      | Reached skill level 5 in Stealth
  8352 | D:8      | Reached skill level 5 in Shields
  8352 | D:8      | Reached skill level 5 in Unarmed Combat
  8352 | D:8      | Reached skill level 5 in Spellcasting
  8352 | D:8      | Reached skill level 5 in Evocations
  8440 | D:8      | Found a staircase to the Lair.
  8460 | D:8      | Found an opulent altar of Gozag.
  8507 | D:8      | Reached ***** piety under Elyvilon
  8752 | D:9      | Noticed a two-headed ogre
  8767 | D:9      | Killed a two-headed ogre
  8975 | D:9      | Noticed a two-headed ogre
  8988 | D:9      | Killed a two-headed ogre
  9162 | D:9      | Got a bound pewter ring
  9168 | D:9      | Found a staircase to the Orcish Mines.
  9330 | D:9      | Identified the ring of Hard Scrabble {rPois Str+3 Dex+2}
                  | (You found it on level 9 of the Dungeon)
  9338 | D:10     | Entered Level 10 of the Dungeon
  9441 | D:10     | Reached XP level 11. HP: 84/84 MP: 19/19
  9527 | D:10     | Elyvilon protects you from harm!
  9935 | D:10     | Noticed Erolcha
  9949 | D:10     | Killed Erolcha
  9949 | D:10     | Reached skill level 5 in Conjurations
  9949 | D:10     | Reached skill level 5 in Hexes
  9949 | D:10     | Reached skill level 5 in Charms
  9949 | D:10     | Reached skill level 5 in Summonings
  9949 | D:10     | Reached skill level 5 in Necromancy
  9949 | D:10     | Reached skill level 5 in Translocations
  9949 | D:10     | Reached skill level 5 in Transmutations
  9949 | D:10     | Reached skill level 5 in Fire Magic
  9949 | D:10     | Reached skill level 5 in Ice Magic
  9949 | D:10     | Reached skill level 5 in Air Magic
  9949 | D:10     | Reached skill level 5 in Earth Magic
  9949 | D:10     | Reached skill level 5 in Poison Magic
 10227 | D:10     | Got an iridescent flail
 10263 | D:10     | Noticed Joseph
 10300 | D:10     | Killed Joseph
 10859 | D:10     | Noticed an unseen horror
 10864 | D:10     | Killed an unseen horror
 11241 | D:11     | Found Derchej's Book Emporium.
 11246 | D:11     | Noticed an unseen horror
 11258 | D:11     | Killed an unseen horror
 11339 | D:11     | Noticed a six-headed hydra
 11355 | D:11     | Killed a six-headed hydra
 11643 | D:11     | Noticed a purple ugly thing
 11670 | D:11     | Killed a purple ugly thing
 12094 | D:11     | Identified the +5 flail "Xodax" {speed, Dex+3} (You found
                  | it on level 10 of the Dungeon)
 12113 | D:12     | Noticed a two-headed ogre
 12332 | D:12     | Noticed a cyclops
 12371 | D:12     | Killed a cyclops
 12622 | D:12     | Found an iron altar of Okawaru.
 12780 | D:12     | Reached XP level 12. HP: 77/93 MP: 18/22
 12868 | D:12     | Reached ****** piety under Elyvilon
 12900 | D:12     | Noticed a tengu warrior
 12921 | D:12     | Killed a tengu warrior
 13079 | D:12     | Killed a two-headed ogre
 13304 | D:12     | Got a crude quarterstaff
 13444 | D:12     | Found a portal to a secret trove of treasure.
 13778 | Lair:1   | Entered Level 1 of the Lair of Beasts
 14309 | Lair:1   | Found a runed translucent door.
 14312 | Lair:1   | Noticed FishyPogo's ghost (journeyman HOBe)
 14744 | Lair:2   | Noticed a four-headed hydra
 14756 | Lair:2   | Killed a four-headed hydra
 15372 | Lair:2   | Reached skill level 10 in Long Blades
 15372 | Lair:2   | Reached skill level 10 in Dodging
 15523 | Lair:2   | Noticed a four-headed hydra
 15526 | Lair:2   | Noticed a five-headed hydra
 15780 | Lair:2   | Noticed Nergalle
 15814 | Lair:2   | Killed Nergalle
 15884 | Lair:2   | Killed a four-headed hydra
 15912 | Lair:2   | Killed a five-headed hydra
 15912 | Lair:2   | Reached XP level 13. HP: 52/101 MP: 10/24
 16169 | Lair:2   | Found a staircase to the Swamp.
 18656 | Lair:4   | Found a hole to the Spider Nest.
 19204 | Lair:5   | Found a staircase to the Slime Pits.
 20153 | Lair:6   | Entered Level 6 of the Lair of Beasts
 20500 | Lair:5   | Reached XP level 14. HP: 106/109 MP: 26/26
 21479 | Lair:6   | Reached skill level 10 in Fighting
 21479 | Lair:6   | Reached skill level 10 in Throwing
 23088 | D:13     | Noticed Nessos
 23562 | D:12     | Killed Nessos
 25223 | D:13     | Reached skill level 10 in Invocations
 26515 | D:14     | You fall through a shaft!
 26515 | D:15     | Entered Level 15 of the Dungeon
 27474 | D:14     | Found a glowing silver altar of Zin.
 28008 | D:14     | Identified the cursed +1 broad axe "Zenomirch" {vamp, rC+
                  | Dex+3}
 28009 | D:14     | Identified the +6 great sword of Qurown {antimagic, rPois
                  | rC+ rN+}
 28009 | D:14     | Noticed an orc warlord
 28010 | D:14     | Noticed jedigorilla's ghost (journeyman GnFi)
 28012 | D:14     | Found a bloodstained altar of Trog.
 28160 | D:14     | Found a transporter.
 28165 | D:14     | Found a transporter.
 29327 | D:14     | Found a gate to the Vaults.
 29449 | D:13     | Reached XP level 15. HP: 45/117 MP: 20/28
 31726 | D:15     | Found a staircase to the Depths.
 32954 | D:15     | Got a slimy long sword
 32955 | D:15     | Identified the +8 long sword "Padut" {speed, *Drain rF++
                  | Dex+2} (You found it on level 15 of the Dungeon)
 33197 | D:15     | Noticed a fire giant
 33701 | D:15     | Killed a fire giant
 33701 | D:15     | Reached skill level 10 in Short Blades
 33701 | D:15     | Reached skill level 10 in Axes
 33701 | D:15     | Reached skill level 10 in Maces & Flails
 33701 | D:15     | Reached skill level 10 in Polearms
 33701 | D:15     | Reached skill level 10 in Staves
 33701 | D:15     | Reached skill level 10 in Slings
 33701 | D:15     | Reached skill level 10 in Bows
 33701 | D:15     | Reached skill level 10 in Crossbows
 33701 | D:15     | Reached skill level 10 in Armour
 33701 | D:15     | Reached skill level 10 in Stealth
 33701 | D:15     | Reached skill level 10 in Shields
 33701 | D:15     | Reached skill level 10 in Unarmed Combat
 33701 | D:15     | Reached skill level 10 in Spellcasting
 33701 | D:15     | Reached skill level 10 in Evocations
 34262 | D:15     | Identified the Disquisition on Boosts and Translocation
 34267 | D:15     | Learned a level 2 spell: Swiftness
 34270 | D:15     | Learned a level 2 spell: Song of Slaying
 34274 | D:15     | Learned a level 3 spell: Confuse
 34801 | Orc:1    | Entered Level 1 of the Orcish Mines
 34806 | Orc:1    | Noticed Jorgrun
 35154 | Orc:1    | HP: 2/118 [Jorgrun/uncursed staff of earth (7)]
 35155 | Orc:1    | Slain by Jorgrun

Skill      XL: |  1  2  3  4  5  6  7  8  9 10 11 12 13 14 15 |
---------------+----------------------------------------------+-----
Invocations    | 1 2 3 4 5 6 7 8 9 10 | 10.9
Short Blades   | 1 2 3 4 5 6 7 8 9 10 | 10.0
Axes           | 1 2 3 4 5 6 7 8 9 10 | 10.0
Maces & Flails | 1 2 3 4 5 6 7 8 9 10 | 10.0
Polearms       | 1 2 3 4 5 6 7 8 9 10 | 10.0
Staves         | 1 2 3 4 5 6 7 8 9 10 | 10.0
Slings         | 1 2 3 4 5 6 7 8 9 10 | 10.0
Bows           | 1 2 3 4 5 6 7 8 9 10 | 10.0
Crossbows      | 1 2 3 4 5 6 7 8 9 10 | 10.0
Armour         | 1 2 3 4 5 6 7 8 9 10 | 10.0
Stealth        | 1 2 3 4 5 6 7 8 9 10 | 10.0
Shields        | 1 2 3 4 5 6 7 8 9 10 | 10.0
Unarmed Combat | 1 2 3 4 5 6 7 8 9 10 | 10.0
Spellcasting   | 1 2 3 4 5 6 7 8 9 10 | 10.0
Evocations     | 1 2 3 4 5 6 7 8 9 10 | 10.0
Conjurations   | 1 2 3 4 5 6 7 8 |  8.4
Hexes          | 1 2 3 4 5 6 7 8 |  8.4
Charms         | 1 2 3 4 5 6 7 8 |  8.4
Summonings     | 1 2 3 4 5 6 7 8 |  8.4
Necromancy     | 1 2 3 4 5 6 7 8 |  8.4
Translocations | 1 2 3 4 5 6 7 8 |  8.4
Transmutations | 1 2 3 4 5 6 7 8 |  8.4
Fire Magic     | 1 2 3 4 5 6 7 8 |  8.4
Ice Magic      | 1 2 3 4 5 6 7 8 |  8.4
Air Magic      | 1 2 3 4 5 6 7 8 |  8.4
Earth Magic    | 1 2 3 4 5 6 7 8 |  8.4
Poison Magic   | 1 2 3 4 5 6 7 8 |  8.4
Fighting       | 5 6 7 8 9 10 11 | 11.0
Throwing       | 5 6 7 8 9 10 11 | 11.0
Long Blades    | 7 8 9 10 11 | 11.8
Dodging        | 7 8 9 10 11 | 11.8

Action                   |  1- 3 |  4- 6 |  7- 9 | 10-12 | 13-15 || total
-------------------------+-------+-------+-------+-------+-------++-------
Melee: Long sword        |    66 |    87 |       |       |   105 ||   258
       Bite              |    14 |    12 |     3 |       |    53 ||    82
       Short sword       |    13 |    18 |       |       |       ||    31
       Hunting sling     |       |     5 |     8 |     1 |     1 ||    15
       Flail             |       |       |       |       |   125 ||   125
 Fire: Hunting sling     |       |    85 |   416 |  1119 |  2824 ||  4444
Throw: Tomahawk          |       |    12 |    19 |       |       ||    31
       Throwing net      |       |     3 |     6 |       |       ||     9
 Cast: Confuse           |       |       |       |       |     8 ||     8
Invok: Lesser Healing    |       |       |     2 |       |     3 ||     5
       Greater Healing   |       |       |       |     1 |    22 ||    23
       Purification      |       |       |       |       |     1 ||     1
Evoke: Wand              |       |       |       |       |    18 ||    18
  Use: Potion            |       |     2 |     1 |     3 |    11 ||    17
       Scroll            |       |     2 |    10 |     8 |    22 ||    42
 Stab: Sleeping          |       |     2 |       |       |       ||     2
       Confused          |       |       |       |       |     2 ||     2
  Eat: Ration            |     2 |     3 |     3 |     7 |    18 ||    33
       Chunk             |       |     1 |       |       |       ||     1
Armor: Leather armour    |    11 |     3 |       |       |       ||    14
       Ring mail         |       |    19 |    33 |    59 |   282 ||   393
Dodge: Dodged            |    89 |   124 |   151 |   283 |   971 ||  1618
Block: Buckler           |       |    51 |    82 |   163 |   695 ||   991
       Rpst.: Long sword |    23 |    14 |       |       |    11 ||    48
